AoeStats
← [GG] Shevchenko 7

Arena

508556545Analyzed
1v1 RM · 10d ago on Sep 23, 2026· 30m 49s· 2 players
Game mode
Random Map
Map size
Tiny (2 player)
Population
200
Speed
Normal
Resources
Standard
Victory
Conquest
Starting age
Dark Age
Ending age
Imperial Age
RankedLock teamsTeams togetherTeam positionsShared explorationLock speedFull tech treeHidden civsTurbo modeCheats
Victory
Defeat
🇧🇷 Portuguese · Brazil
1165
+17
🇹🇼 Teutons · Taiwan
1182
-17
[GG] Shevchenko 7
9:56 Feudal Age
9:28 Loom
14:21 Castle Age
Sung Ming-Yen
6:16 Loom
6:22 Loom
9:17 Feudal Age
10:40 Fletching
22:03 Castle Age
20:51 Horse Collar
21:02 Double-Bit Axe
26:27 Gold Mining
26:49 Bow Saw
26:43 Heavy Plow
27:44 Squires
27:30 Arson
Connection lost

Rejoining the realm…

Still unreachable

The connection could not be restored.

Session expired

The server has moved on; the page needs a fresh start.